 Dungeon Crawl Stone Soup version 0.29-a0-870-g2c972031a6 (webtiles) character file.

Game seed: 6973433713472246121

140 Nato the Insei (level 5, -3/32 (34) HPs)
             Began as an Octopode Transmuter on July 17, 2022.
             Slain by an orc
             ... wielding a +2 hand axe of draining
              (4 damage)
             ... on level 5 of the Dungeon.
             The game lasted 00:06:00 (3402 turns).

Nato the Insei (Octopode Transmuter)                Turns: 3402, Time: 00:06:00

HP:   -3/32 (34)    AC:  1    Str: 11    XL:     5   Next: 23%
MP:   8/8           EV: 13    Int: 15    God:
Gold: 161           SH:  0    Dex: 13    Spells: 2/8 levels left

rFire   . . .      SeeInvis .     - Unarmed
rCold   . . .      Faith    .   (no shield)
rNeg    . . .      Spirit   .   (helmet restricted)
rPois   .          Reflect  .   (no amulet)
rElec   .          Harm     .   (no ring)
rCorr   .          Rampage  .   (no ring)
Will    .....                   (no ring)
Stlth   ++........              (no ring)
HPRegen 0.10/turn               (no ring)
MPRegen 0.11/turn               (no ring)
                                (no ring)
                                (no ring)

@: drained
A: almost no armour, amphibious, 8 rings, camouflage 1, gelatinous body 1,
(nimble swimmer 1), tentacles
a: no special abilities


You were on level 5 of the Dungeon.
You visited 1 branch of the dungeon, and saw 4 of its levels.

You collected 161 gold pieces.

Inventory:

Scrolls
 f - 2 scrolls of identify {unknown}
 h - a scroll of vulnerability {unknown}
 i - a scroll of acquirement {unknown}
 j - a scroll of enchant armour {unknown}
 k - a scroll of blinking {unknown}
Potions
 a - a potion of lignification
 b - a potion of brilliance {unknown}
 c - a potion of mutation {unknown}
 d - a potion of curing {unknown}
 e - a potion of heal wounds {unknown}
 g - a potion of degeneration {unknown}


   Skills:
 + Level 2.2 Fighting
 + Level 2.8 Dodging
 + Level 3.7 Unarmed Combat
 - Level 2.0 Spellcasting
 * Level 3.6 Transmutations


You had 2 spell levels left.
You knew the following spells:

 Your Spells              Type           Power      Damage    Failure   Level
a - Beastly Appendage     Tmut           24%        N/A       4%          1
b - Wereblood             Tmut           12%        N/A       8%          2
c - Spider Form           Tmut/Pois      6%         N/A       32%         3

Your spell library contained the following spells:

 Spells                   Type           Power      Damage    Failure   Level
 Foxfire                  Conj/Fire      4%         2x1d4     22%         1
 Conjure Flame            Conj/Fire      1%         6-21      54%         3
 Inner Flame              Hex/Fire       1%         N/A       54%         3
 Ice Form                 Ice/Tmut       6%         N/A       71%         4
 Flame Wave               Conj/Fire      1%         2d4       91%         4


Dungeon Overview and Level Annotations

Branches:
Dungeon (5/15)
 Temple: D:4-7

Altars:


Innate Abilities, Weirdness & Mutations

You cannot wear most types of armour.
You are amphibious.
You can wear up to eight rings at the same time.
Your skin changes colour to match your surroundings (Stealth+).
Your rubbery body absorbs attacks. (AC +1, EV +1)
((You are camouflaged when in or above water. (Stealth+)))
You have tentacles for arms and can constrict up to eight enemies at once.


Message History

You kill the orc!
The orc wizard casts a spell at you. The puff of flame hits you!
An orc wizard comes into view. It is wielding a +0 dagger.
You howl as the wereblood boils in your veins!
Things that are here:
a +0 club; a +0 chain mail; an orc corpse The phantom hits you.
* * * LOW HITPOINT WARNING * * *
The phantom blinks!
You blink.
The orc wizard attacks as you move away!
The orc wizard hits you with a +0 dagger.
* * * LOW HITPOINT WARNING * * *
The phantom attacks as you move away! The phantom closely misses you.
The orc wizard attacks as you move away!
The orc wizard barely misses you.
Your tentacle spike disappears.
Your primal bloodlust is almost over.
The orc wizard attacks as you move away!
The orc wizard closely misses you.
The orc wizard attacks as you move away!
The orc wizard hits you with a +0 dagger.
* * * LOW HITPOINT WARNING * * *
You howl as the wereblood boils in your veins!
You howl as the wereblood boils in your veins!
The orc wizard attacks as you move away!
The orc wizard misses you.
The orc wizard gestures wildly while chanting.
The orc wizard flickers and vanishes!
Deactivating autopickup; reactivate with Ctrl-A.
Your primal bloodlust has ended.
A puff of flame appears from out of thin air!
The puff of flame misses you.
An orc comes into view.
It is wielding a +2 hand axe of draining.
An iguana comes into view.
The iguana hisses angrily.
The orc shouts!
The orc hits you with a +2 hand axe of draining!
* * * LOW HITPOINT WARNING * * *
You feel drained.
You die...

#......#.######
.. #
#...##...#######
S..
#...##o......
... ..##
.........# #...#
#n# .##.O.# .#.#
S. # ###o# ..###
# #o# #... .##.#
#o# #.l#......
#.## #o@....#
#.W# #.##.#.#
##.# #.# ..
#.#####.# ...
#..W....# .#.
##.###### .. #.#
# #.. ##..


You could see an iguana and an orc.

Vanquished Creatures
  An orc wizard (D:3)
  3 adders
  A gnoll (D:1)
  A dart slug (D:1)
  9 orcs
  3 ball pythons
  5 endoplasms (D:1)
  7 goblins
  8 hobgoblins
  3 jackals (D:3)
  7 bats
  7 frilled lizards
  6 kobolds
  4 rats (D:1)
65 creatures vanquished.

Vanquished Creatures (others)
  3 plants
3 creatures vanquished.

Grand Total: 68 creatures vanquished

Notes
Turn   | Place    | Note
-------+----------+-------------------------------------------
     0 | D:1      | Nato the Octopode Transmuter began the quest for the Orb.
     0 | D:1      | Reached XP level 1. HP: 13/13 MP: 3/3
   164 | D:1      | Reached XP level 2. HP: 15/18 MP: 3/5
   528 | D:1      | Reached XP level 3. HP: 16/23 MP: 6/6
  1819 | D:1      | Learned a level 2 spell: Wereblood
  1823 | D:1      | Learned a level 3 spell: Spider Form
  2317 | D:2      | Reached XP level 4. HP: 24/29 MP: 5/7
  2433 | D:2      | Found a faded altar of an unknown god.
  3037 | D:3      | Reached XP level 5. HP: 33/34 MP: 5/8
  3305 | D:3      | You fall into a shaft and drop 2 floors!
  3305 | D:5      | Entered Level 5 of the Dungeon
  3379 | D:5      | Noticed an ogre
  3380 | D:5      | Noticed a phantom
  3402 | D:5      | HP: 1/34 [orc/+2 hand axe of draining (8)]
  3402 | D:5      | Slain by an orc

Illustrated notes

Levels and vault maps discovered:
D:1:      dpeg_arrival_more_subterranean_lakeside_camping, layout_basic
D:2:      layout_rooms, dreamdust_ecumenical_altar_hidden_monk_grotto,
          serial_bayou_ford_a, minivault_14, moated_statue
D:3:      layout_loops_cross
D:5:      layout_rooms, serial_bayou, serial_bayou_shore_a, serial_bayou_pond_a,
          serial_bayou_shore_b, serial_bayou_pond_a, minmay_fractal_squares_5

Skill      XL: |  1  2  3  4 |
---------------+-------------+-----
Transmutations | 3 |  3.6
Fighting       | 2 |  2.2
Dodging        | |  2.8
Unarmed Combat | |  3.7
Spellcasting   | |  2.0

Action                   |  1- 3 |  4- 6 || total
-------------------------+-------+-------++-------
Melee: Unarmed           |    86 |    48 ||   134
       Kick              |    22 |    13 ||    35
       Constrict         |    23 |    15 ||    38
       Tentacles         |    11 |    12 ||    23
       Punch             |     2 |       ||     2
 Cast: Beastly Appendage |    27 |    11 ||    38
       Wereblood         |       |     5 ||     5
 Stab: Sleeping          |     6 |     4 ||    10
Armor: Skin              |     4 |     4 ||     8
Dodge: Dodged            |    44 |    27 ||    71

Table legend: (Time is in decaauts)
 A = Elapsed time spent in this place.
 B = Non-inter-level travel time spent in this place.
 C = Inter-level travel time spent in this place.
 D = Time resting spent in this place.
 E = Time spent auto-exploring this place.
 F = Levels seen in this place.
 G = Mean time per level.
                   A        B        C        D        E       F      G
               +--------+--------+--------+--------+--------+-----+--------+
         Total |   3392 |   3282 |    110 |   1112 |   1676 |   4 |  848.0 |
       Dungeon |   3392 |   3282 |    110 |   1112 |   1676 |   4 |  848.0 |
               +--------+--------+--------+--------+--------+-----+--------+

Top non-repeatable levels by time:
     D:1: 1834 daAuts
     D:3: 785 daAuts
     D:2: 675 daAuts
     D:5: 96 daAuts
